 Dungeon Crawl Stone Soup version 0.20-a0-970-gcd8f41e (webtiles) character file.

162 Murumi the Unseen (level 5, -3/45 HPs)
             Began as a Naga Assassin on Apr 8, 2017.
             Slain by an iguana (6 damage)
             ... on level 2 of the Dungeon.
             The game lasted 00:10:49 (2940 turns).

Murumi the Unseen (Naga Assassin)                   Turns: 2940, Time: 00:10:50

Health: -3/45      AC:  3    Str: 14    XL:     5   Next: 43%
Magic:  5/5        EV:  9    Int: 11    God:
Gold:   111        SH:  0    Dex: 13    Spells: 4/4 levels left

rFire    . . .     SeeInvis +   a - +2 dagger
rCold    . . .     Gourm    .   (no shield)
rNeg     . . .     Faith    .   c - +0 robe
rPois    +         Spirit   .   (no helmet)
rElec    .         Reflect  .   d - +0 cloak
rCorr    .         Harm     .   (no gloves)
MR       +....                  (no barding)
Stlth    ++++++....             (no amulet)
Regen    0.2/turn               r - ring of protection from magic
MPRegen  0.1/turn               (no ring)

@: short of breath, very slow
A: see invisible, deformed body, poison resistance, slowness 2, slow metabolism
1, spit poison 1, AC +1
a: Spit Poison


You were on level 2 of the Dungeon.
You were near starving.

You visited 1 branch of the dungeon, and saw 3 of its levels.

You collected 111 gold pieces.

Inventory:

Hand Weapons
 a - a +2 dagger (weapon)
 b - a +0 blowgun
Missiles
 e - 8 poisoned needles
 f - 2 curare-tipped needles
 h - 91 stones (quivered)
 p - 2 throwing nets
Armour
 c - a +0 robe (worn)
 d - a +0 cloak (worn)
Jewellery
 r - a ring of protection from magic (left hand)
Scrolls
 k - a scroll of amnesia
Potions
 l - a potion of agility {unknown}
 m - a potion of invisibility {unknown}
 q - a potion of might {unknown}
Comestibles
 g - a bread ration
 j - 3 meat rations
 n - 4 fruits
 o - 3 royal jellies


   Skills:
 - Level 2.0 Fighting
 - Level 2.0 Short Blades
 - Level 2.0 Throwing
 - Level 1.0 Dodging
 + Level 15.0 Stealth


You had 4 spell levels left.
You didn't know any spells.

Dungeon Overview and Level Annotations

Branches:
Dungeon (3/15)

Altars:
Nemelex Xobeh
Trog
Uskayaw


Innate Abilities, Weirdness & Mutations

You cannot wear boots.
Your serpentine skin is tough. (AC +1)
You have supernaturally acute eyesight. (SInv)
Armour fits poorly on your strangely shaped body.
Your system is resistant to poisons. (rPois)
You cover ground very slowly.
You have a slow metabolism.
You can spit poison.


Message History

The gnoll hits you from afar with a spear.
* * * LOW HITPOINT WARNING * * *
The ball python completely misses you. The iguana bites you.
* * * LOW HITPOINT WARNING * * *
The iguana barely misses you.
The iguana hisses menacingly.
The iguana closely misses you.
There is a stone staircase leading up here.
The iguana barely misses you.
You climb upwards.
There is a stone staircase leading down here.
Press: ? - help, Shift-Dir - straight line, f - iguana
Aim: an iguana The splash of poison misses the iguana.
You are near starving!
The iguana bites you.
* * * LOW HITPOINT WARNING * * *
You closely miss the iguana. The iguana bites you.
You die...

#..## ##...##.# #.#
#...###....##.# #.#
.....#.######.# #.#
#........#..†.######.##
#.#.#.##....).........#
....#.####.#########..#
..#.#..# #.# #..#
..#.##.# #.# ### #.)#
..#.##.# #.# ##@###..#
..#.##.###.# ##.l.##..#
.##.#...##.###........#
.##........##........##
.####...#..#.........#
....................##
######.##.#........##
.......##.#.###...##
#########<#.# ##.##


You could see an iguana.

Vanquished Creatures
  5 gnolls
  2 adders
  An ooze (D:2)
  2 dart slugs (D:1)
  7 goblins
  8 hobgoblins
  5 jackals (D:2)
  9 bats
  6 frilled lizards
  7 kobolds
  3 rats
55 creatures vanquished.

Notes
Turn   | Place    | Note
-------+----------+-------------------------------------------
     0 | D:1      | Murumi the Naga Assassin began the quest for the Orb.
     0 | D:1      | Reached XP level 1. HP: 19/19 MP: 1/1
    44 | D:1      | Reached skill level 6 in Stealth
   138 | D:1      | Reached skill level 1 in Dodging
   173 | D:1      | Reached XP level 2. HP: 20/26 MP: 2/2
   736 | D:1      | Reached skill level 14 in Stealth
   736 | D:1      | Reached XP level 3. HP: 29/32 MP: 3/3
   981 | D:2      | Reached XP level 4. HP: 39/39 MP: 4/4
  1920 | D:2      | Found a hide-covered altar of Uskayaw.
  1960 | D:2      | Reached XP level 5. HP: 43/45 MP: 5/5
  1969 | D:2      | Found a sparkling altar of Nemelex Xobeh.
  2194 | D:2      | Found a bloodstained altar of Trog.
  2518 | D:2      | HP: 2/45 [gnoll/spear (7)]
  2519 | D:2      | Reached skill level 15 in Stealth
  2940 | D:2      | Slain by an iguana

Vault maps used:
D:1:      dpeg_arrival_short_road
D:2:      lemuel_round_altar, marbit_many_paths, eat_drink_and_be_merry_uskayaw
D:3:      led_sif_book, first_bread, minmay_close_crescents

Skill      XL: |  1  2  3  4  5 |
---------------+----------------+-----
Stealth        | 6 14 15 | 15.0
Dodging        | 1 |  1.0
Throwing       | 2 |  2.0
Fighting       | |  2.0
Short Blades   | |  2.0

Action                   |  1- 3 |  4- 6 || total
-------------------------+-------+-------++-------
Melee: Dagger            |    41 |   111 ||   152
 Abil: Spit Poison       |     1 |    12 ||    13
  Use: Scroll            |     2 |     2 ||     4
       Potion            |     1 |     2 ||     3
 Stab: Sleeping          |     6 |    12 ||    18
       Distracted        |     1 |     1 ||     2
  Eat: Chunk             |       |     4 ||     4
Armor: Robe              |     4 |    45 ||    49
Dodge: Dodged            |    17 |    84 ||   101
